 Dungeon Crawl Stone Soup version 0.21.1-68-g103a7afc0a (webtiles) character file.

167 IceCat the Conjurer (level 5, -2/28 HPs)
             Began as a Deep Elf Conjurer on Aug 1, 2018.
             Slain by tape's ghost (9 damage)
             ... on level 3 of the Dungeon.
             The game lasted 00:12:44 (1669 turns).

IceCat the Conjurer (Deep Elf Conjurer)             Turns: 1669, Time: 00:12:45

Health: -2/28      AC:  3    Str:  5    XL:     5   Next: 23%
Magic:  7/13       EV: 13    Int: 21    God:
Gold:   124        SH:  0    Dex: 15    Spells: 5/12 levels left

rFire    . . .     SeeInvis .   f - +0 dagger
rCold    . . .     Gourm    .   (no shield)
rNeg     . . .     Faith    .   a - +0 robe
rPois    .         Spirit   .   (no helmet)
rElec    .         Reflect  .   n - +0 cloak
rCorr    .         Harm     .   (no gloves)
MR       .....                  (no boots)
Stlth    ++........             (no amulet)
HPRegen  0.09/turn              (no ring)
MPRegen  0.13/turn              (no ring)

@: no status effects
A: no striking features
a: no special abilities


You were on level 3 of the Dungeon.
You were not hungry.

You visited 1 branch of the dungeon, and saw 3 of its levels.

You collected 124 gold pieces.

Inventory:

Hand Weapons
 f - a +0 dagger (weapon)
Armour
 a - a +0 robe (worn)
 n - a +0 cloak (worn)
 q - a +2 shield
Jewellery
 i - an uncursed ring of magical power {unknown}
 s - an uncursed ring of positive energy {unknown}
Scrolls
 d - a scroll of magic mapping {unknown}
 e - 4 scrolls of identify {unknown}
 h - 2 scrolls of enchant weapon {unknown}
 j - a scroll of remove curse {unknown}
 k - 4 scrolls of teleportation {unknown}
 m - a scroll of amnesia {unknown}
Potions
 g - a potion of heal wounds {unknown}
 l - a potion of brilliance {unknown}
 o - a potion of flight {unknown}
 r - a potion of agility {unknown}
 t - a potion of curing {unknown}
Books
 b - a book of Conjurations

   Spells                             Type                      Level
   a - Magic Dart                     Conjuration                  1
   b - Searing Ray                    Conjuration                  2
   c - Dazzling Spray                 Conjuration/Hexes            3
   d - Fulminant Prism                Conjuration/Hexes            4
   e - Force Lance                    Conjuration/Translocation    4
   f - Iskenderun's Mystic Blast      Conjuration                  4
Comestibles
 c - 3 rations
 p - 4 chunks of flesh


   Skills:
 + Level 2.7 Dodging
 + Level 2.6 Stealth
 + Level 4.0 Spellcasting
 * Level 6.6 Conjurations
 * Level 0.3 Hexes


You had 5 spell levels left.
You knew the following spells:

 Your Spells              Type           Power        Failure   Level  Hunger
a - Magic Dart            Conj           ####         1%          1    None
b - Searing Ray           Conj           ####..       1%          2    #......
c - Fulminant Prism       Conj/Hex       ###.......   28%         4    ####...


Dungeon Overview and Level Annotations

Branches:
Dungeon (3/15)

Altars:

Annotations:
D:3 Sigmund; tape's ghost, amateur OpFi


Message History

Some of the chunks of flesh in your inventory have rotted away.
The searing ray hits tape's ghost.
Tape's ghost is heavily damaged.
An orc comes into view. It is wielding a flail.
The searing ray hits tape's ghost.
Tape's ghost is severely damaged.
You finish channeling your searing ray.
Tape's ghost hits you.
Casting: Searing Ray
Confirm with . or Enter, or press ? or * to list all spells.
Aiming: Magic Dart
Press: ? - help, Shift-Dir - straight line, f/p - tape's ghost
Aim: tape's ghost (severely damaged)
The magic dart hits tape's ghost.
Tape's ghost is almost destroyed.
The orc shouts!
Tape's ghost hits you!
* * * LOW HITPOINT WARNING * * *
Tape's ghost closely misses you. Tape's ghost hits you!
You die...

## ... #.. .?.#
...# ###..#.
..... ##.......
##...# ##....o...
......##.........
......?#.........
.........@.......
.........W.......
.................
................#
##....##.........
.................
...##. #<........
.................
...............


You could see tape's ghost and an orc.

Vanquished Creatures
  A phantom (D:2)
  An adder (D:3)
  An ooze (D:2)
  3 dart slugs (D:1)
  A leopard gecko (D:1)
  6 orcs (D:3)
  2 ball pythons
  2 giant cockroaches
  8 goblins
  A hobgoblin (D:3)
  5 jackals (D:1)
  5 kobolds
  4 bats
  3 frilled lizards
  5 rats
48 creatures vanquished.

Notes
Turn   | Place    | Note
-------+----------+-------------------------------------------
     0 | D:1      | IceCat the Deep Elf Conjurer began the quest for the Orb.
     0 | D:1      | Reached XP level 1. HP: 10/10 MP: 6/6
    60 | D:1      | Reached XP level 2. HP: 15/15 MP: 4/8
   160 | D:1      | Reached skill level 5 in Conjurations
   363 | D:1      | Reached XP level 3. HP: 19/19 MP: 3/9
   644 | D:2      | Learned a level 2 spell: Searing Ray
   710 | D:2      | Noticed a phantom
   757 | D:2      | Killed a phantom
   757 | D:2      | Reached skill level 6 in Conjurations
   757 | D:2      | Reached XP level 4. HP: 7/24 MP: 0/11
   964 | D:2      | Learned a level 4 spell: Fulminant Prism
  1037 | D:2      | Reached XP level 5. HP: 28/28 MP: 8/12
  1349 | D:3      | Noticed Sigmund
  1595 | D:3      | Noticed tape's ghost (amateur OpFi)
  1669 | D:3      | Slain by tape's ghost

Skill      XL: |  1  2  3  4  5 |
---------------+----------------+-----
Conjurations   | 5 6 |  6.6
Spellcasting   | 4 |  4.0
Dodging        | |  2.7
Stealth        | |  2.6
Hexes          | |  0.3

Action                   |  1- 3 |  4- 6 || total
-------------------------+-------+-------++-------
Melee: Dagger            |     5 |     3 ||     8
 Cast: Magic Dart        |    54 |    31 ||    85
       Searing Ray       |     1 |     5 ||     6
  Eat: Chunk             |       |     2 ||     2
Dodge: Dodged            |     7 |     6 ||    13
